 Dungeon Crawl Stone Soup version 0.26-a0-712-ga5a9c9c9d0 (webtiles) character file.

Game seed: 3042387554505173758

6337 kae the Transmogrifier (level 10, 0/100 HPs)
             Began as a Naga Transmuter on Nov 4, 2020.
             Was an Elder of Cheibriados.
             Slain by a two-headed ogre
             ... wielding a +0 giant club
              (8 damage)
             ... on level 9 of the Dungeon.
             The game lasted 00:10:06 (13654 turns).

kae the Transmogrifier (Naga Transmuter)           Turns: 13654, Time: 00:10:07

Health: 0/100      AC:  7    Str: 24    XL:     10   Next: 96%
Magic:  23/25      EV: 11    Int: 23    God:    Cheibriados [****..]
Gold:   669        SH:  0    Dex: 21    Spells: 4/17 levels left

rFire    . . .     SeeInvis +     - Unarmed
rCold    + + +     Faith    .   (shield currently unavailable)
rNeg     . . .     Spirit   .   (armour currently unavailable)
rPois    +         Reflect  .   (helmet currently unavailable)
rElec    .         Harm     .   (cloak currently unavailable)
rCorr    .         Rampage  .   (gloves currently unavailable)
MR       +....                  (no barding)
Stlth    ++........             h - amulet of magic regeneration
HPRegen  0.26/turn              v - ring of protection from fire
MPRegen  0.44/turn              o - ring of magical power

@: ice-form, lightly drained, very slow
A: large, see invisible, spit poison 1, AC +3
a: Spit Poison, End Transformation, Bend Time, Temporal Distortion, Slouch,
Renounce Religion


You were on level 9 of the Dungeon.
You worshipped Cheibriados.
Cheibriados was greatly pleased with you.
You were a creature of crystalline ice.
You visited 1 branch of the dungeon, and saw 9 of its levels.
You also visited: Bailey.

You collected 669 gold pieces.

Inventory:

Armour
 a - a +0 robe (melded)
 t - the +0 hat of Daisies (melded) {rPois rCorr}
   (You acquired it in a bailey)

   It protects you from poison.
   It provides partial protection from all sources of acid and corrosion.
Jewellery
 h - an amulet of magic regeneration (around neck)
 m - an uncursed ring of protection from cold
 o - a ring of magical power (right front paw)
 v - a ring of protection from fire (left front paw)
Wands
 f - a wand of random effects (15)
 q - a wand of flame (11)
 A - a wand of iceblast (9)
Scrolls
 g - 5 scrolls of teleportation
 l - a scroll of amnesia
 p - 5 scrolls of remove curse
 s - a scroll of enchant weapon
 u - 4 scrolls of identify
 w - a scroll of blinking
 x - 2 scrolls of enchant armour {unknown}
 y - a scroll of fear {unknown}
Potions
 b - 2 potions of mutation
 c - 3 potions of brilliance
 d - a potion of heal wounds
 e - a potion of magic
 i - a potion of flight
 j - a potion of ambrosia
 k - a potion of stabbing
 n - 2 potions of lignification
 r - a potion of degeneration
 z - a potion of curing {unknown}


   Skills:
 + Level 3.4(3.0) Fighting
 + Level 3.2(2.8) Dodging
 + Level 9.6(9.1) Unarmed Combat
 - Level 4.0(3.5) Spellcasting
 - Level 11.0(10.5) Transmutations
 - Level 4.0(3.5) Ice Magic
 - Level 3.0(2.5) Poison Magic


You had 4 spell levels left.
You knew the following spells:

 Your Spells              Type           Power        Failure   Level
a - Beastly Appendage     Tmut           ######       1%          1
b - Spider Form           Tmut/Pois      ####......   2%          3
c - Blade Hands           Tmut           ######....   4%          5
d - Ice Form              Ice/Tmut       #####...     6%          4

Your spell library contained the following spells:

 Spells                   Type           Power        Failure   Level
 Passwall                 Tmut/Erth      ####....     1%          2
 Wereblood                Tmut           ######..     1%          2
 Freeze                   Ice            ###.         2%          1
 Ensorcelled Hibernation  Hex/Ice        ##....       8%          2
 Animate Skeleton         Necr           #.....       11%         1
 Apportation              Tloc           #.....       11%         1
 Corona                   Hex            #......      11%         1
 Summon Small Mammal      Summ           #...         11%         1
 Confusing Touch          Hex            #.......     32%         3
 Dazzling Flash           Conj/Hex       #.....       32%         3
 Tukima's Dance           Hex            #.......     32%         3
 Hydra Form               Tmut           ######....   22%         6
 Irradiate                Conj/Tmut      ####......   34%         5
 Eringya's Noxious Bog    Tmut/Pois      ####......   75%         6
 Dragon Form              Tmut           ######....   77%         7


Dungeon Overview and Level Annotations

Branches:
Dungeon (9/15)             Temple (0/1) D:4          Bailey (visited)
   Lair: D:8-11         Orc: D:9-12

Altars:
Cheibriados
Gozag
Makhleb
Qazlal
Ru
Xom

Shops:
D:8 =


Innate Abilities, Weirdness & Mutations

You cannot wear boots.
((Your serpentine skin is tough. (AC +3)))
You have supernaturally acute eyesight. (SInv)
((Armour fits poorly on your strangely shaped body.))
((Your system is resistant to poisons. (rPois)))
((You cover ground very slowly.))
You can spit poison.


Message History

Casting: Ice Form (dangerous; 6% risk of failure)
Confirm with . or Enter, or press ? or * to list all spells.
You turn into a creature of crystalline ice.
The +0 hat of Daisies {rPois rCorr} melds into your body.
Your +0 robe melds into your body.
The two-headed ogre hits you with a +0 giant club!
The two-headed ogre misses you.
You hit the two-headed ogre. You freeze the two-headed ogre.
The two-headed ogre is lightly wounded.
The two-headed ogre hits you with a +0 giant club!!
The two-headed ogre hits you with a +0 giant spiked club!!
You are too injured to fight recklessly!
You are too injured to fight recklessly!
You are too injured to fight recklessly!
You hit the two-headed ogre. You freeze the two-headed ogre.
The two-headed ogre is lightly wounded.
The two-headed ogre hits you with a +0 giant club!!
* * * LOW HITPOINT WARNING * * *
The two-headed ogre hits you with a +0 giant spiked club!
You die...

#.########
######.# .......##
........#
........##########
................)#
........########.#
......### #.#
......# #Y#
######## #O#
........ ...
######## ##.#.
######## #.#.#
........ ... #
######## #.# # #..
#


You could see a two-headed ogre.

Vanquished Creatures
  A two-headed ogre (D:9)
  An orc knight (Bailey)
  A troll (D:9)
  Prince Ribbit (D:5)
  A steam dragon (D:9)
  Menkaure (D:7)
  13 orc warriors
  3 ice beasts
  2 sky beasts
  A black bear (D:9)
  4 ogres
  5 centaurs
  A wyvern zombie (D:9)
  6 bullfrogs
  7 killer bees
  4 wights (D:9)
  A bullfrog zombie (D:7)
  A centaur zombie (D:6)
  A crimson imp (D:6)
  A quasit (D:9)
  A jelly (D:5)
  A centaur skeleton (D:7)
  2 orc priests
  5 hounds
  A bullfrog skeleton (D:6)
  A gnoll shaman (D:7)
  An iguana (D:4)
  5 worker ants
  A killer bee zombie (D:8)
  A hound skeleton (D:9)
  A howler monkey zombie (D:6)
  A worker ant zombie (D:5)
  3 howler monkey skeletons
  14 gnolls
  11 adders
  5 river rats (D:5)
  A shadow imp (D:6)
  4 white imps
  An ufetubus (D:5)
  3 oozes
  5 worms
  3 dart slugs
  2 leopard geckos
  33 orcs
  2 ball pythons
  12 bats
  7 giant cockroaches
  21 hobgoblins
  8 jackals
  5 kobolds
  6 quokkas
  A frilled lizard (D:1)
  23 goblins
  A leopard gecko skeleton (D:7)
  A quokka skeleton (D:5)
  9 rats
258 creatures vanquished.

Notes
Turn   | Place    | Note
-------+----------+-------------------------------------------
     0 | D:1      | kae the Naga Transmuter began the quest for the Orb.
     0 | D:1      | Reached XP level 1. HP: 18/18 MP: 3/3
   273 | D:1      | Reached XP level 2. HP: 12/25 MP: 3/5
   450 | D:1      | You fall into a shaft and drop 1 floor!
   922 | D:1      | Reached skill level 3 in Transmutations
   922 | D:1      | Reached XP level 3. HP: 26/31 MP: 4/6
   927 | D:1      | Learned a level 3 spell: Spider Form
  1338 | D:2      | Reached skill level 1 in Poison Magic
  1879 | D:2      | Reached XP level 4. HP: 29/38 MP: 5/7
  2841 | D:2      | Reached XP level 5. HP: 44/44 MP: 6/8
  3403 | D:3      | Reached skill level 4 in Transmutations
  4109 | D:3      | Reached XP level 6. HP: 51/51 MP: 7/9
  4116 | D:3      | Learned a level 5 spell: Blade Hands
  4358 | D:3      | Found a sacrificial altar of Ru.
  4678 | D:4      | Found a staircase to the Ecumenical Temple.
  5114 | D:4      | Found a stormy altar of Qazlal.
  5392 | D:4      | Reached skill level 5 in Transmutations
  5605 | D:5      | Entered Level 5 of the Dungeon
  5651 | D:5      | Reached XP level 7. HP: 39/57 MP: 5/11
  6069 | D:5      | Reached skill level 5 in Unarmed Combat
  6147 | D:5      | Reached skill level 6 in Transmutations
  6397 | D:5      | Noticed Prince Ribbit
  6407 | D:5      | Killed Prince Ribbit
  6407 | D:5      | Reached XP level 8. HP: 31/64 MP: 13/13
  6788 | D:5      | Reached skill level 7 in Transmutations
  7421 | D:6      | Found a snail-covered altar of Cheibriados.
  7431 | D:6      | Became a worshipper of Cheibriados the Contemplative
  7438 | D:6      | Learned a level 4 spell: Ice Form
  7539 | D:6      | Reached skill level 1 in Ice Magic
  7721 | D:6      | Reached skill level 8 in Transmutations
  7978 | D:6      | Reached XP level 9. HP: 45/70 MP: 15/15
  8265 | D:6      | Found a shimmering altar of Xom.
  8266 | D:6      | Found a burning altar of Makhleb.
  8713 | D:7      | Found a shimmering altar of Xom.
  8749 | D:7      | Found a flagged portal.
  8771 | D:7      | Noticed Menkaure
  8778 | D:7      | Killed Menkaure
  8803 | Bailey   | Entered a bailey
  8894 | Bailey   | Reached * piety under Cheibriados
  9004 | Bailey   | Reached skill level 9 in Transmutations
  9136 | Bailey   | Reached ** piety under Cheibriados
  9333 | Bailey   | Noticed an orc knight
  9353 | Bailey   | Killed an orc knight
  9353 | Bailey   | Reached skill level 10 in Transmutations
  9574 | Bailey   | Reached XP level 10. HP: 78/78 MP: 16/16
  9609 | Bailey   | Identified the +9 trident of Floods {venom, Str+8 Int+3
                  | Dex-2}
  9901 | Bailey   | Reached *** piety under Cheibriados
  9939 | Bailey   | Noticed an orc warlord
  9942 | Bailey   | Identified 2 scrolls of acquirement
  9942 | Bailey   | Acquired the Grimoire of Changing and the Glacier
 10191 | Bailey   | Acquired the +0 hat of Daisies {rPois rCorr}
 10614 | D:7      | Reached skill level 11 in Transmutations
 11665 | D:8      | Found Bievaav's Jewellery Shoppe.
 11676 | D:8      | Found an opulent altar of Gozag.
 12433 | D:9      | Reached **** piety under Cheibriados
 13085 | D:9      | Noticed a two-headed ogre
 13093 | D:9      | Killed a two-headed ogre
 13650 | D:9      | Noticed a two-headed ogre
 13654 | D:9      | Slain by a two-headed ogre

Illustrated notes

Levels and vault maps discovered:
D:1:      minmay_arrival_checkered_box, layout_loops_cross,
          chequers_serial_rivers_room_b
D:2:      layout_loops_corners, minmay_tetromino_i2
D:3:      layout_loops_ring, nicolae_ru_sacrificial_ziggurat,
          kennysheep_generic_room_9
D:4:      layout_loops_ring, grunt_qazlal_sundering, minmay_temple_entry_grid
D:5:      layout_cave_pods, lightli_sewer_entry_pipes, uniq_prince_ribbit1
D:6:      layout_basic, lemuel_round_altar,
          grunt_temple_overflow_champion_of_chaos, kennysheep_generic_room_16
D:7:      layout_layer_cave, basic_altar, enter_bailey_2, st_stairs_7,
          hangedman_abyss_or_decor_stabs, uniq_menkaure
D:8:      layout_basic, lemuel_crystal_altar, serial_shops, shop
D:9:      layout_basic

Skill      XL: |  1  2  3  4  5  6  7  8  9 10 |
---------------+-------------------------------+-----
Transmutations | 3 4 5 6 8 10 11 | 11.0
Poison Magic   | 1 2 3 |  3.0
Unarmed Combat | 4 5 6 7 9 |  9.6
Spellcasting   | 3 4 |  4.0
Ice Magic      | 3 4 |  4.0
Dodging        | 3 |  3.2
Fighting       | 3 |  3.4

Action                   |  1- 3 |  4- 6 |  7- 9 | 10-12 || total
-------------------------+-------+-------+-------+-------++-------
Melee: Unarmed           |    95 |   165 |   338 |   137 ||   735
       Headbutt          |    10 |    14 |       |       ||    24
       Punch             |     1 |       |       |     3 ||     4
 Cast: Beastly Appendage |    23 |    34 |       |       ||    57
       Spider Form       |       |     9 |    35 |       ||    44
       Ice Form          |       |       |    10 |    23 ||    33
       Blade Hands       |       |       |       |     3 ||     3
 Abil: Spit Poison       |    16 |    40 |    31 |    12 ||    99
Evoke: Wand              |       |       |     2 |       ||     2
  Use: Scroll            |       |    10 |     9 |     3 ||    22
       Potion            |       |       |     1 |       ||     1
Armor: Robe              |    20 |    31 |     2 |    10 ||    63
       Skin              |       |     2 |    22 |    40 ||    64
Dodge: Dodged            |    59 |   127 |   209 |   106 ||   501

Table legend: (Time is in decaauts)
 A = Elapsed time spent in this place.
 B = Non-inter-level travel time spent in this place.
 C = Inter-level travel time spent in this place.
 D = Time resting spent in this place.
 E = Time spent auto-exploring this place.
 F = Levels seen in this place.
 G = Mean time per level.
                   A        B        C        D        E       F      G
               +--------+--------+--------+--------+--------+-----+--------+
         Total |  17863 |  17349 |    514 |    788 |  14468 |  10 | 1786.3 |
       Dungeon |  16325 |  15811 |    514 |    314 |  13849 |   9 | 1813.9 |
        Bailey |   1538 |   1538 |      0 |    474 |    618 |   1 | 1538.0 |
               +--------+--------+--------+--------+--------+-----+--------+

Top non-repeatable levels by time:
     D:7: 2800 daAuts
     D:2: 2423 daAuts
     D:9: 2011 daAuts
     D:5: 1998 daAuts
  Bailey: 1538 daAuts
     D:8: 1530 daAuts
     D:3: 1450 daAuts
     D:1: 1401 daAuts
     D:6: 1397 daAuts
     D:4: 1312 daAuts
